 Dungeon Crawl Stone Soup version 0.30-a0-782-ge64f9170bb (console) character file.

Game seed: 13762078027521086112

18 utis the Conjurer (level 2, -1/16 HPs)
             Began as a Tengu Wanderer on Feb 26, 2023.
             Succumbed to an adder's poison
             ... on level 2 of the Dungeon.
             The game lasted 00:03:09 (840 turns).

utis the Conjurer (Tengu Wanderer)                   Turns: 840, Time: 00:03:10

Health: -1/16      AC:  5    Str: 15    XL:     2   Next: 66%
Magic:  2/4        EV: 10    Int: 10    God:
Gold:   37         SH:  0    Dex: 12    Spells: 2/3 levels left

rFire   . . .      SeeInvis .    e - +0 sling
rCold   . . .      Faith    .    (no shield)
rNeg    . . .      Spirit   .    h - +0 ring mail
rPois   .          Reflect  .    (helmet restricted)
rElec   .          Harm     .    (no cloak)
rCorr   .          Rampage  .    (no gloves)
Will    .....                    (boots unavailable)
Stlth   +                        (no amulet)
HPRegen 0.22/turn                (no ring)
MPRegen 0.09/turn                (no ring)

@: lethally poisoned (-1 -> -8)
A: beak, talons 3, inability to drink after injury 1
a: no special abilities


You were on level 2 of the Dungeon.
You visited 1 branch of the dungeon, and saw 2 of its levels.

You collected 37 gold pieces.

Inventory:

Hand Weapons
 a - a +0 club
 e - a +0 sling (weapon)
Armour
 b - a +0 scale mail
 h - a +0 ring mail (worn)
Scrolls
 c - 2 scrolls of fog
 d - a scroll of identify {@r1}
 f - a scroll of fear {unknown}
 j - a scroll of noise {unknown}
Potions
 g - a potion of flight
 k - a potion of haste {@q3}


   Skills:
 - Level 1.0 Fighting
 - Level 2.1 Armour
 + Level 1.6 Dodging
 - Level 1.0 Stealth
 - Level 1.1 Unarmed Combat
 - Level 1.0 Spellcasting
 - Level 4.0 Conjurations
 + Level 2.0 Air Magic
 - Level 1.0 Evocations


You had 2 spell levels left.
You knew the following spells:

 Your Spells              Type           Power      Damage    Failure   Level
z - Shock                 Conj/Air       24%        1d4       19%         1

Your spell library contained the following spells:

 Spells                   Type           Power      Damage    Failure   Level
 Iskenderun's Mystic Bla  Conj/Tloc      4%         2d3       96%         4
 Sticky Flame             Conj/Fire      4%         2d3       96%         4


Dungeon Overview and Level Annotations

Branches:
Dungeon (2/15)

Altars:


Innate Abilities, Weirdness & Mutations

You have a beak for a mouth.
You have claws for feet.
You occasionally lose the ability to drink potions when taking damage.


Message History

Aim: an adder (29% to hit)
You shoot a sling bullet.
The sling bullet closely misses the adder.
You feel sick. The adder closely misses you. x2
Fire: e) +0 sling
Press: ? - help, Q - select action, (/) - cycle Shift-Dir - straight line, p - adder
Okay, then.
Aiming: Shock (safe; 19% risk of failure)
Press: ? - help, Q - select action, (/) - cycle Shift-Dir - straight line, p - adder The zap misses the adder. x2
You feel sick. The adder closely misses you.
Aiming: Shock (safe; 19% risk of failure)
Press: ? - help, Q - select action, (/) - cycle Shift-Dir - straight line The zap misses the adder.
The zap hits the adder.
The adder is lightly wounded.
You feel sick.
You are no longer poisoned.
The adder bites you.
* * * LOW HITPOINT WARNING * * *
You are poisoned.
The adder poisons you! The adder bites you.
* * * LOW HITPOINT WARNING * * *
You are more poisoned.
The adder poisons you!
Really quaff
i - a potion of mutation {!q}?
Really quaff the potion of mutation? [Y]es or [N]o only, please.
Really quaff the potion of mutation?
Uppercase [Y]es or [N]o only, please.
Really quaff the potion of mutation?
You feel extremely strange.
You occasionally lose the ability to drink potions when taking damage.
* * * LOW HITPOINT WARNING * * *
You feel very sick. The adder closely misses you.
Okay, then.
Unknown command.
Unknown command.
Unknown command.
You die...

░..░ ░..░ ..░ ░░.░░
░░░░░...░ ........░
░.░ ░...░ ░.░
░░S░░░░.░ ░.░ ░.Q....░
░.░ ░..░░░░░ ░.░
░..░░░░░░░ ░.░
░.........
░░░░░.░░░░░░░░.░░░░░░░
░...†......░ ░.░
░░░.░░░†░░░░.░ ░.░
....░ ░<░ ░.░ ░.░
░░░░░ ░.░ ░.░ ░.░


You could see an adder.

Vanquished Creatures
  2 endoplasms (D:1)
  A giant cockroach (D:1)
  3 hobgoblins
  A quokka (D:1)
  2 ball pythons
  3 bats (D:1)
  A frilled lizard (D:1)
  3 goblins (D:1)
  A kobold (D:1)
17 creatures vanquished.

Notes
Turn   | Place    | Note
-------+----------+-------------------------------------------
     0 | D:1      | utis the Tengu Wanderer began the quest for the Orb.
     0 | D:1      | utis set off with the following items: a +0 club, a +0
                  | scale mail, 2 scrolls of fog; and the following spell
                  | memorised: Shock; and the following spells available to
                  | memorise: Iskenderun's Mystic Blast, Sticky Flame.
     0 | D:1      | Reached XP level 1. HP: 12/12 MP: 3/3
     0 | D:1      | hmm
   278 | D:1      | Reached skill level 1 in Air Magic
   302 | D:1      | Reached skill level 1 in Dodging
   303 | D:1      | Reached XP level 2. HP: 15/16 MP: 4/4
   839 | D:2      | Gained mutation: You occasionally lose the ability to drink
                  | potions when taking damage. [potion of mutation]
   840 | D:2      | Succumbed to an adder's poison

Illustrated notes +░░░ ░.Q░ ░.░░ ░. ░░ Turn 0 on D:1: hmm

Levels and vault maps discovered:
D:1:      dpeg_arrival_snail, layout_basic, nicolae_figureground_pulse
D:2:      layout_loops_ring, chequers_serial_rivers_micro_d

Skill      XL: |  1  2 |
---------------+-------+-----
Air Magic      | 1 2 |  2.0
Dodging        | 1 |  1.6
Fighting       | |  1.0
Armour         | |  2.1
Stealth        | |  1.0
Unarmed Combat | |  1.1
Spellcasting   | |  1.0
Conjurations   | |  4.0
Evocations     | |  1.0

Action                     || total
---------------------------++-------
   Fire: Sling             ||    47
   Cast: Shock             ||     2
    Use: Scroll            ||     3
         Potion            ||     1
 Armour: Ring mail         ||     6
  Dodge: Dodged            ||    22

Table legend: (Time is in decaauts)
 A = Elapsed time spent in this place.
 B = Non-inter-level travel time spent in this place.
 C = Inter-level travel time spent in this place.
 D = Time resting spent in this place.
 E = Time spent auto-exploring this place.
 F = Levels seen in this place.
 G = Mean time per level.
                   A        B        C        D        E       F      G
               +--------+--------+--------+--------+--------+-----+--------+
         Total |    863 |    797 |     66 |     20 |    589 |   2 |  431.5 |
       Dungeon |    863 |    797 |     66 |     20 |    589 |   2 |  431.5 |
               +--------+--------+--------+--------+--------+-----+--------+

Top non-repeatable levels by time:
     D:1: 770 daAuts
     D:2: 92 daAuts
